 Dungeon Crawl Stone Soup version 0.18.1-48-g4cf74bf (webtiles) character file.

999 Heedrag the Destroyer (level 8, -14/41 HPs)
             Began as a Deep Elf Conjurer on Aug 31, 2016.
             Demolished by a gnoll
             ... wielding a cursed -3 halberd
              (15 damage)
             ... on level 3 of the Dungeon.
             The game lasted 00:11:18 (4487 turns).

Heedrag the Destroyer (Deep Elf Conjurer)           Turns: 4487, Time: 00:11:19

Health: -14/41     AC:  4    Str:  7    XL:     8   Next: 0%
Magic:  5/29       EV: 13    Int: 21    God:
Gold:   259        SH:  0    Dex: 15    Spells: 3 memorised, 10 levels left

rFire  . . .     SeeInvis .     (no weapon)
rCold  . . .     Gourm    .     a - +0 robe
rNeg   . . .     Faith    .     (no shield)
rPois  .         Spirit   .     x - +1 helmet
rElec  .         Dismiss  .     (no cloak)
rCorr  .         Reflect  .     (no gloves)
SustAt .         Harm     .     (no boots)
MR     .....                    (no amulet)
Stlth  ++........               (no ring)
                                m - ring of magical power

@: very slightly contaminated, not resistant to hostile enchantments, unstealthy
A: no striking features
a: no special abilities


You were on level 3 of the Dungeon.
You were very hungry.

You visited 1 branch of the dungeon, and saw 5 of its levels.

You collected 259 gold pieces.

Inventory:

Armour
 a - a +0 robe (worn)
 w - a +0 shield
 x - a +1 helmet (worn)
 y - the +1 leather armour of a sewer {rF+}
   (You found it on level 4 of the Dungeon)

   It protects you from fire.
Jewellery
 m - a ring of magical power (left hand)
Wands
 d - a wand of polymorph (8/24)
Scrolls
 g - a scroll of remove curse {unknown}
 h - 9 scrolls of identify
 j - 3 scrolls of teleportation {unknown}
 k - a scroll of fear {unknown}
 l - a scroll of enchant weapon {unknown}
 o - a scroll of random uselessness {unknown}
 r - 3 scrolls of blinking {unknown}
 t - 2 scrolls of noise {unknown}
Potions
 e - a potion of might {unknown}
 i - 3 potions of flight {unknown}
 n - a potion of resistance {unknown}
 p - a potion of cure mutation {unknown}
 q - a potion of ambrosia {unknown}
 u - a potion of magic {unknown}
 z - a potion of lignification {unknown}
Books
 b - a book of Conjurations

   Spells                             Type                      Level
   a - Magic Dart                     Conjuration                  1
   b - Searing Ray                    Conjuration                  2
   c - Dazzling Spray                 Conjuration/Hexes            3
   d - Fulminant Prism                Conjuration/Hexes            4
   e - Iskenderun's Mystic Blast      Conjuration                  4
   f - Iskenderun's Battlesphere      Conjuration/Charms           5
Comestibles
 c - 4 bread rations
 f - a royal jelly
 s - 2 beef jerkies
 v - 2 meat rations


   Skills:
 - Level 2.4 Dodging
 - Level 2.4 Stealth
 + Level 6.7 Spellcasting
 * Level 8.7 Conjurations
 + Level 5.5 Charms


You had 10 spell levels left.
You knew the following spells:

 Your Spells              Type           Power        Failure   Level  Hunger
a - Magic Dart            Conj           ####         1%          1    None
b - Iskenderun's Mystic   Conj           #####...     2%          4    ###....
c - Iskenderun's Battles  Conj/Chrm      #####...     17%         5    #####..


Dungeon Overview and Level Annotations

Branches:
Dungeon (5/15)
 Temple: D:4-7

Altars:
Ru


Message History

Ye conjure a globe o' magical energy.
Ye be starvin'!
Tha gnoll misses ye.
Ye dinnae haf tha energy ta cast tha spell.
Sorry, yer na good enough ta haf a special ability.
Unknown command.
Ye dinnae haf tha energy ta cast tha spell.
Sorry, yer na good enough ta haf a special ability.
Unknown command.
Eatta chunk o' flesh? (ye/n/q/i?) 'tis raw flesh tastes terrible.
Ye be feelin' very hungry.
Tha gnoll misses ye.
Tha gnoll hits ye from afar wit' a spear o' flamin'.
* * * LOW HITPOINT WARNIN'
* * * Tha gnoll burns ye.
* * * LOW HITPOINT WARNIN'
* * * Ye continue eatin'.
Tha gnoll hits ye from afar wit' a halberd!
Ye die...

#. #.......###....# ..
#.##..............# .
.................# .
####.##..........#
#.##..........#
#########.########)...##
#......................#
#..................(...#
#..............@.......#
#@# #######.*.......#
#.# #.......gg......#
#.# #.####..........#
#.# #.#.............#
#.# #.#.#...........#
#.###.#.............#
#.....###.#..†......#
#....####.##)########


You could see 2 gnolls and a friendly battlesphere.

Vanquished Creatures
  Sigmund (D:3)
  A hungry ghost (D:4)
  2 big kobolds (D:5)
  2 hounds (D:4)
  2 orc wizards (D:3)
  A centaur skeleton (D:4)
  A giant frog skeleton (D:4)
  An iguana (D:4)
  4 worker ants
  Natasha (D:2)
  A hound skeleton (D:4)
  Robin (D:2)
  3 gnolls
  6 adders
  A shadow imp (D:5)
  6 worms
  A dart slug (D:3)
  4 giant geckos
  9 orcs
  2 ball pythons
  3 giant cockroaches
  20 goblins
  19 hobgoblins
  4 jackals (D:3)
  11 kobolds
  A quokka (D:3)
  4 bats
  3 giant newts
  7 rats
122 creatures vanquished.

Notes
Turn   | Place    | Note
--------------------------------------------------------------
     0 | D:1      | Heedrag the Deep Elf Conjurer began the quest for the Orb.
     0 | D:1      | Reached XP level 1. HP: 10/10 MP: 6/6
   507 | D:1      | Reached XP level 2. HP: 15/15 MP: 5/8
   687 | D:1      | Reached skill level 5 in Conjurations
  1053 | D:2      | Reached XP level 3. HP: 19/19 MP: 10/10
  1391 | D:2      | Noticed Natasha
  1396 | D:2      | Killed Natasha
  1396 | D:2      | Reached XP level 4. HP: 24/24 MP: 12/12
  1408 | D:2      | Learned a level 4 spell: Iskenderun's Mystic Blast
  1679 | D:2      | Reached skill level 6 in Conjurations
  1738 | D:2      | Noticed Robin
  1741 | D:2      | Killed Robin
  2039 | D:3      | Reached XP level 5. HP: 28/28 MP: 13/13
  2052 | D:3      | Learned a level 5 spell: Iskenderun's Battlesphere
  2341 | D:3      | Noticed Sigmund
  2475 | D:3      | Reached skill level 1 in Charms
  2621 | D:4      | Reached skill level 5 in Spellcasting
  2621 | D:4      | Reached XP level 6. HP: 23/32 MP: 11/15
  2805 | D:4      | Noticed a hungry ghost
  2934 | D:4      | Reached skill level 7 in Conjurations
  2971 | D:4      | Found a sacrificial altar of Ru.
  3062 | D:4      | Got a jewelled leather armour
  3063 | D:4      | Identified the +1 leather armour of a sewer {rF+} (You found it on level 4 of the Dungeon)
  3813 | D:5      | Entered Level 5 of the Dungeon
  3864 | D:5      | Reached XP level 7. HP: 36/36 MP: 17/17
  4045 | D:5      | Reached skill level 8 in Conjurations
  4087 | D:4      | Killed a hungry ghost
  4087 | D:4      | Reached skill level 5 in Charms
  4400 | D:3      | Killed Sigmund
  4477 | D:3      | Reached XP level 8. HP: 5/41 MP: 9/20
  4486 | D:3      | HP: 1/41 [gnoll/spear of flaming (2)]
  4487 | D:3      | Demolished by a gnoll

Skill      XL: |  1  2  3  4  5  6  7 |
---------------+----------------------+-----
Conjurations   | 5 6 7 8 |  8.7
Spellcasting   | 4 5 6 |  6.7
Charms         | 2 3 5 |  5.5
Dodging        | |  2.4
Stealth        | |  2.4

Action                   |  1- 3 |  4- 6 |  7- 9 || total
-------------------------+-------+-------+-------++-------
Melee: Unarmed           |     2 |       |       ||     2
 Cast: Magic Dart        |    70 |   199 |    51 ||   320
       Iskenderun's Batt |       |       |     5 ||     5
       Iskenderun's Myst |       |       |     2 ||     2
  Use: Scroll            |       |     1 |       ||     1
  Eat: Chunk             |     1 |     8 |     5 ||    14
Armor: Robe              |       |     6 |     8 ||    14
Dodge: Dodged            |     4 |    19 |    36 ||    59
